 Dungeon Crawl Stone Soup version 0.21-a0-346-g330ab2c (webtiles) character file.

5741 cursedclub the Cruncher (level 10, -3/79 HPs)
             Began as a Mummy Gladiator on Oct 5, 2017.
             Was an Initiate of Gozag.
             Slain by Snorg (21 damage)
             ... on level 11 of the Dungeon on Oct 8, 2017.
             The game lasted 00:29:18 (11816 turns).

cursedclub the Cruncher (Mummy Gladiator)          Turns: 11816, Time: 00:29:19

Health: -3/79      AC: 25    Str: 20    XL:     10   Next: 49%
Magic:  10/10      EV:  9    Int:  7    God:    Gozag
Gold:   78         SH:  0    Dex: 15    Spells: 9/9 levels left

rFire    . . .     SeeInvis .   I - +2 quarterstaff (protect)
rCold    + . .     Gourm    .   (shield currently unavailable)
rNeg     + + +     Faith    .   K - +2 plate armour {rC+}
rPois    ∞         Spirit   .   u - +0 helmet
rElec    .         Reflect  .   j - scarf {cloud immunity}
rCorr    .         Harm     .   B - +0 pair of gloves
MR       +....                  v - +1 pair of boots
Stlth    ..........             (no amulet)
HPRegen  0.23/turn              l - +2 ring of evasion
MPRegen  0.12/turn              o - ring of fire

@: protection aura
A: no food or potions, fire vulnerability, cold resistance 1, negative energy
resistance 3, torment resistance, unbreathing
a: Potion Petition, Call Merchant, Bribe Branch, Renounce Religion


You were on level 11 of the Dungeon.
You worshipped Gozag.
Gozag was noncommittal.
You were not hungry.

You visited 2 branches of the dungeon, and saw 12 of its levels.

You collected 1500 gold pieces.
You spent 285 gold pieces at shops.
You paid 1137 gold pieces to Gozag.

Inventory:

Hand Weapons
 a - a +1 quarterstaff
 b - a +0 hunting sling
 I - a +2 quarterstaff of protection (weapon)
 M - a +0 dagger
Missiles
 e - 333 stones (quivered)
Armour
 c - a +0 helmet
 h - a +0 leather armour
 j - a scarf of cloud immunity (worn)
 k - a +0 scale mail
 u - a +0 helmet (worn)
 v - a +1 pair of boots (worn)
 B - a +0 pair of gloves (worn)
 C - a cursed +0 large shield
 D - a +0 shield
 H - a +0 plate armour
 K - a +2 plate armour of cold resistance (worn)
Jewellery
 d - an uncursed amulet of faith
 l - a +2 ring of evasion (left hand)
 n - an uncursed ring of see invisible
 o - a ring of fire (right hand)
 q - an uncursed amulet of magic regeneration
 y - a +4 ring of intelligence
 E - a +3 ring of dexterity
 J - a +1 ring of evasion
 L - an uncursed ring of flight {unknown}
Wands
 g - a wand of paralysis (7/24)
 p - a wand of acid (0/15)
 r - a wand of random effects (25/48)
 s - a wand of digging (8/24)
 t - a wand of confusion (0/48)
 N - a wand of flame (15/48)
Scrolls
 f - 5 scrolls of remove curse
 m - 3 scrolls of recharging
 w - 2 scrolls of teleportation
 x - a scroll of magic mapping
 z - 2 scrolls of amnesia
 G - a scroll of enchant weapon
 O - a scroll of identify
Books
 A - a book of Conjurations

   Spells                             Type                      Level
   a - Magic Dart                     Conjuration                  1
   b - Searing Ray                    Conjuration                  2
   c - Dazzling Spray                 Conjuration/Hexes            3
   d - Fulminant Prism                Conjuration/Hexes            4
   e - Force Lance                    Conjuration/Translocation    4
   f - Iskenderun's Mystic Blast      Conjuration                  4
Comestibles
 i - 3 fruits


   Skills:
 + Level 7.3 Fighting
 * Level 11.0 Staves
 - Level 1.5 Throwing
 + Level 4.6 Armour
 - Level 2.4 Dodging


You had 9 spell levels left.
You didn't know any spells.

Dungeon Overview and Level Annotations

Branches:
Dungeon (11/15)            Temple (0/1) D:7            Lair (1/6) D:10
    Orc (0/2) D:9

Altars:
Gozag
Trog
Wu Jian
Zin

Shops:
D:9 ?(

Annotations:
D:9 p0werm0de's ghost, novice DsFE
D:11 Snorg


Innate Abilities, Weirdness & Mutations

You do not eat or drink.
Your flesh is vulnerable to fire.
You are immune to poison.
Your flesh is cold resistant. (rC+)
You are immune to negative energy. (rN+++)
You are immune to unholy pain and torment.
You can survive without breathing.


Message History

Snorg bites you! Snorg barely misses you. Snorg claws you but does no damage.
You closely miss Snorg.
Snorg is almost dead.
Snorg bites you but does no damage. Snorg claws you but does no damage.
Snorg misses you. Snorg bites you. Snorg claws you but does no damage.
Snorg claws you.
You hit Snorg but do no damage.
Snorg is almost dead.
Snorg bites you. Snorg claws you but does no damage. Snorg claws you!
* * * LOW HITPOINT WARNING * * *
Unknown command.
The crimson imp shouts, "Run away, thou paunchy dried tinder!"
You see here 5 gold pieces.
Evoke which item? (* to show all) (? for menu, Esc to quit)
Aiming: Corrosive Bolt (will waste charges)
Press: ? - help, Shift-Dir - straight line, f - Snorg
Aim: Snorg (almost dead, berserk, fast, unusually strong) Nothing appears to happen.
Snorg bites you!!
You die...
Your body crumbles into a pile of gold.

#################
#...$5.$T@.<.....
##.#############.
#.# #T# #.# #>#
#.# #.# #.#


You could see Snorg (berserk) and a crimson imp.

Vanquished Creatures
  A two-headed ogre (D:8)
  A troll (D:10)
  Grinder (D:5)
  A hippogriff (D:8)
  Sigmund (D:3)
  A wyvern (D:9)
  A hungry ghost (D:8)
  A basilisk (D:11)
  A black bear (D:7)
  5 orc warriors
  3 sky beasts
  2 phantoms
  2 ogres
  4 wolves (D:10)
  A centaur (D:8)
  7 bullfrogs
  2 scorpions
  14 killer bees
  An electric eel (D:10)
  4 hounds
  A jelly (D:10)
  A quasit (D:8)
  A centaur zombie (D:7)
  10 orc priests
  A centaur skeleton (D:8)
  A gnoll shaman (D:8)
  19 orc wizards
  Jessica (D:3)
  A worker ant (D:4)
  Natasha (thrice) (D:3)
  A hound skeleton (D:9)
  A worker ant zombie (D:7)
  8 adders
  4 gnolls (D:8)
  A howler monkey skeleton (D:6)
  A shadow imp (D:9)
  An adder skeleton (D:7)
  2 worms
  3 dart slugs
  8 leopard geckos
  36 orcs
  4 bats
  4 giant cockroaches
  6 goblins
  3 hobgoblins (D:1)
  5 jackals
  6 kobolds
  6 quokkas
  2 ball pythons
  5 frilled lizards
  A quokka skeleton (D:6)
  7 rats
208 creatures vanquished.

Notes
Turn   | Place    | Note
-------+----------+-------------------------------------------
     0 | D:1      | cursedclub the Mummy Gladiator began the quest for the Orb.
     0 | D:1      | Reached XP level 1. HP: 16/16 MP: 1/1
   195 | D:1      | Reached XP level 2. HP: 20/22 MP: 2/2
   197 | D:1      | Reached skill level 3 in Staves
  1013 | D:2      | Reached XP level 3. HP: 21/27 MP: 3/3
  1383 | D:2      | Noticed a sky beast
  1392 | D:2      | Killed a sky beast
  1392 | D:2      | Reached skill level 4 in Staves
  1392 | D:2      | Reached XP level 4. HP: 21/33 MP: 4/4
  1392 | D:2      | Reached XP level 5. HP: 25/38 MP: 5/5
  1990 | D:3      | Found a bloodstained altar of Trog.
  2037 | D:3      | Noticed Jessica
  2042 | D:3      | Killed Jessica
  2042 | D:3      | Reached skill level 5 in Staves
  2403 | D:3      | Noticed Sigmund
  2418 | D:3      | Killed Sigmund
  2418 | D:3      | Reached skill level 6 in Staves
  2418 | D:3      | Reached XP level 6. HP: 42/44 MP: 6/6
  2542 | D:3      | Noticed Natasha
  2545 | D:3      | Killed Natasha
  2547 | D:3      | Noticed Natasha
  2551 | D:3      | Killed Natasha
  2644 | D:3      | Noticed Natasha
  2648 | D:3      | Killed Natasha
  2720 | D:4      | Found an ornate altar of the Wu Jian Council.
  3102 | D:5      | Entered Level 5 of the Dungeon
  3205 | D:5      | Noticed Grinder
  3224 | D:5      | Killed Grinder
  3224 | D:5      | Reached skill level 7 in Staves
  3224 | D:5      | Reached XP level 7. HP: 32/50 MP: 7/7
  3941 | D:4      | Reached XP level 8. HP: 58/58 MP: 8/8
  4657 | D:6      | Reached skill level 8 in Staves
  5255 | D:5      | Found an opulent altar of Gozag.
  5256 | D:5      | Found a glowing silver altar of Zin.
  5276 | D:5      | Became a worshipper of Gozag Ym Sagoz the Greedy
  6636 | D:7      | Found a staircase to the Ecumenical Temple.
  7115 | D:7      | Reached skill level 9 in Staves
  7123 | D:7      | Reached skill level 1 in Armour
  7766 | D:8      | Reached skill level 5 in Fighting
  7766 | D:8      | Reached XP level 9. HP: 65/68 MP: 9/9
  8328 | D:8      | Noticed a two-headed ogre
  8404 | D:8      | Killed a two-headed ogre
  8549 | D:8      | Reached skill level 10 in Staves
  9812 | D:9      | Found a staircase to the Orcish Mines.
  9826 | D:9      | Reached XP level 10. HP: 77/77 MP: 10/10
  9831 | D:9      | Found Allop's Magic Scroll Shoppe.
 10329 | D:9      | Noticed p0werm0de's ghost (novice DsFE)
 10461 | D:10     | Entered Level 10 of the Dungeon
 10823 | D:10     | Found a staircase to the Lair.
 11385 | D:9      | Bought a +2 quarterstaff of protection for 285 gold pieces
 11425 | Lair:1   | Entered Level 1 of the Lair of Beasts
 11448 | Lair:1   | Reached skill level 11 in Staves
 11456 | Lair:1   | Noticed a spiny frog
 11462 | Lair:1   | Noticed a six-headed hydra
 11753 | D:11     | Noticed Snorg
 11816 | D:11     | Slain by Snorg

Vault maps used:
D:1:      lightli_arrival_flooded_house, minmay_pentomino_z4
D:3:      nicolae_overflow_crystal_walls, kennysheep_cluttered_room,
          uniq_natasha, uniq_jessica, uniq_sigmund
D:4:      nicolae_overflow_hidden_temple, first_bread, serial_bayou_pond_e,
          hex_medium, hangedman_abyss_or_decor_slice, serial_bayou_ford_a
D:5:      grunt_temple_overflow_gold_and_silver, serial_curves, eino_curves_03,
          eino_curves_03, eino_curves_03, eino_curves_03,
          guppyfry_early_orc_mine, uniq_grinder
D:6:      minmay_misc_feat_square
D:7:      minmay_temple_entry_mist
D:9:      david_orc_3, serial_shops, nicolae_shop_trees
D:10:     erik_lair_island
D:11:     uniq_psyche, uniq_grum, uniq_snorg
Lair:1:   serial_bayou_lagoon_a

Skill      XL: |  1  2  3  4  5  6  7  8  9 10 |
---------------+-------------------------------+-----
Staves         | 3 4 6 7 9 10 11 | 11.0
Fighting       | 3 5 6 7 |  7.3
Armour         | 1 3 4 |  4.6
Throwing       | |  1.5
Dodging        | |  2.4

Action                   |  1- 3 |  4- 6 |  7- 9 | 10-12 || total
-------------------------+-------+-------+-------+-------++-------
Melee: Quarterstaff      |    50 |    75 |   453 |   202 ||   780
 Fire: Hunting sling     |    39 |    30 |    46 |       ||   115
Throw: Stone             |     2 |       |       |       ||     2
       Throwing net      |       |     5 |       |       ||     5
Invok: Potion Petition   |       |       |     2 |       ||     2
       Call Merchant     |       |       |       |     1 ||     1
Evoke: Wand              |       |       |    17 |    10 ||    27
  Use: Scroll            |     1 |     4 |    11 |     3 ||    19
 Stab: Held in net/web   |       |     2 |       |       ||     2
       Confused          |       |       |     1 |     1 ||     2
       Paralysed         |       |       |       |    15 ||    15
Armor: Leather armour    |    17 |       |       |       ||    17
       Scale mail        |     7 |    31 |   182 |       ||   220
       Plate armour      |       |       |     1 |    97 ||    98
Dodge: Dodged            |    39 |    46 |   260 |    89 ||   434

Table legend:
 A = Spawn XP
 B = Non-spawn XP
 C = Spawn XP percentage of total XP
 D = Spawn monster count
 E = Non-spawn monster count
 F = Spawn count percentage of total count
 G = Total turns spent on level
                    A         B        C        D         E        F      G
               +---------+---------+-------+---------+---------+-------+---------
         Total |       0 |    8202 |   0.0 |       0 |     208 |   0.0 | 11816
               +---------+---------+-------+---------+---------+-------+---------
           D:1 |       0 |      40 |   0.0 |       0 |      20 |   0.0 |  1001
           D:2 |       0 |     163 |   0.0 |       0 |      17 |   0.0 |   877
           D:3 |       0 |     468 |   0.0 |       0 |      17 |   0.0 |   827
           D:4 |       0 |     403 |   0.0 |       0 |      20 |   0.0 |  1072
           D:5 |       0 |     611 |   0.0 |       0 |      17 |   0.0 |  1375
           D:6 |       0 |     239 |   0.0 |       0 |       6 |   0.0 |  1073
           D:7 |       0 |     682 |   0.0 |       0 |      21 |   0.0 |  1324
           D:8 |       0 |    2699 |   0.0 |       0 |      45 |   0.0 |  1971
           D:9 |       0 |     675 |   0.0 |       0 |      12 |   0.0 |   996
          D:10 |       0 |    1754 |   0.0 |       0 |      28 |   0.0 |  1156
          D:11 |       0 |     378 |   0.0 |       0 |       4 |   0.0 |    66
        Lair:1 |       0 |      90 |   0.0 |       0 |       1 |   0.0 |    78
               +---------+---------+-------+---------+---------+-------+---------
